[Event "Titled Tuesday Blitz February 22 Late 2022"]
[White "Csonka, Balazs"]
[Black "Mogranzini, Roberto"]
[WhiteFideId "742910"]
[BlackFideId "810894"]
[WhiteElo "2404"]
[BlackElo "2469"]
[Result "1-0"]
[Round "03"]
[TimeControl "180+1"]
[Date "2022.02.23"]
[WhiteClock "0:00:39"]
[BlackClock "0:00:23"]

1. d4 Nf6 2. Nf3 d6 3. c4 g6 4. Nc3 Bf5 5. e3 Bg7 6. Bd3 Bxd3 7. Qxd3 O-O 8. O-O Nbd7 9. e4 e5 10. d5 Nc5 11. Qc2 a5 12. Be3 b6 13. Ne1 Ng4 14. Bd2 f5 15. f3 Nh6 16. Nd3 Qh4 17. Nxc5 bxc5 18. a4 fxe4 19. Qxe4 Qh5 20. Nb5 Rf7 21. Rf2 Kh8 22. Raf1 Ng8 23. Qe1 Nf6 24. Bxa5 Qh4 25. b3 Rc8 26. Bc3 Re8 27. Re2 Bh6 28. Qxh4 1-0


[Site "https://www.chess.com"]

[Event "Titled Tuesday Blitz February 22 Late 2022"]
[White "Cunha, Lucas Aguiar"]
[Black "Kohler, Aran"]
[WhiteFideId "2125404"]
[BlackFideId "1002856"]
[WhiteElo "2361"]
[BlackElo "2258"]
[Result "1-0"]
[Round "03"]
[TimeControl "180+1"]
[Date "2022.02.23"]
[WhiteClock "0:00:35"]
[BlackClock "0:00:09"]

1. e4 c5 2. Nf3 d6 3. d4 cxd4 4. Qxd4 Nc6 5. Bb5 Bd7 6. Bxc6 bxc6 7. O-O e5 8. Qd3 Be7 9. b3 Nf6 10. Ba3 c5 11. Nbd2 O-O 12. Rfe1 Qa5 13. Nc4 Qc7 14. Ne3 Rab8 15. Nd2 Bc6 16. Nf5 g6 17. Nxe7+ Qxe7 18. Rad1 Rfd8 19. h3 d5 20. exd5 Rxd5 21. Qe2 Rbd8 22. Nc4 Rxd1 23. Rxd1 Rxd1+ 24. Qxd1 Nd5 25. Qe1 f6 26. Qa5 Nf4 27. f3 Qd7 28. Qxc5 Ne6 29. Qd6 Qe8 30. Bb2 Kg7 31. Ne3 h5 32. c4 Nf4 33. b4 Bd7 34. b5 Be6 35. Bxe5 Ne2+ 36. Kf2 Nc1 37. Bb2 Nxa2 38. Qa3 Qd7 39. Ke1 Qe7 40. Qxe7+ Kh8 41. Bxf6+ Kg8 42. Qg7# 1-0


[Site "https://www.chess.com"]

[Event "Titled Tuesday Blitz February 22 Late 2022"]
[White "Deac, Bogdan-Daniel"]
[Black "Kozak, Adam"]
[WhiteFideId "1226380"]
[BlackFideId "753246"]
[WhiteElo "2646"]
[BlackElo "2459"]
[Result "1-0"]
[Round "03"]
[TimeControl "180+1"]
[Date "2022.02.22"]
[WhiteClock "0:00:18"]
[BlackClock "0:00:42"]

1. e4 c5 2. Nf3 a6 3. c4 Nc6 4. d4 cxd4 5. Nxd4 g6 6. Nc3 Bg7 7. Be3 Nf6 8. f3 d6 9. Qd2 O-O 10. Be2 Bd7 11. O-O Rc8 12. Rfd1 Ne8 13. Nd5 Nc7 14. Nb6 Rb8 15. Rac1 Ne6 16. Nb3 Be8 17. f4 Nc5 18. Nxc5 Qxb6 19. Nd7 Qxb2 20. Nxb8 Qxd2 21. Rxd2 Nxb8 22. c5 Bc6 23. cxd6 exd6 24. Bf3 Rd8 25. Bb6 Rd7 26. Bg4 Re7 27. Rxd6 h5 28. Bf3 Nd7 29. Rcxc6 bxc6 30. Bd8 Re6 31. Rxd7 c5 32. e5 g5 33. Bd5 1-0


[Site "https://www.chess.com"]

[Event "Titled Tuesday Blitz February 22 Late 2022"]
[White "Debray, Christopher"]
[Black "Nasuta, Grzegorz"]
[WhiteFideId "630810"]
[BlackFideId "1141686"]
[WhiteElo "2369"]
[BlackElo "2396"]
[Result "0-1"]
[Round "03"]
[TimeControl "180+1"]
[Date "2022.02.23"]
[WhiteClock "0:00:02"]
[BlackClock "0:00:14"]

1. c4 e5 2. g3 Nf6 3. Bg2 d5 4. cxd5 Nxd5 5. Nc3 Nb6 6. Nf3 Nc6 7. O-O Be7 8. d3 O-O 9. Rb1 Re8 10. b4 Bf8 11. b5 Nd4 12. Nd2 a6 13. a4 axb5 14. axb5 Ra7 15. h3 Be6 16. Bb2 Qd7 17. Kh2 Nxb5 18. Nxb5 Qxb5 19. Bd4 Qd7 20. Bxb6 cxb6 21. Rxb6 Bc5 22. Rb1 b5 23. Ne4 Bf8 24. Qd2 b4 25. Rfc1 Rc8 26. Ng5 Ba2 27. Rxc8 Qxc8 28. Rb2 Qa6 29. Qe3 f6 30. Ne4 Bf7 31. Nd2 Rc7 32. Nb3 Qa3 33. Qb6 Qxb2 34. Qxc7 Qxb3 35. Bc6 Qc3 36. Qb6 b3 37. Ba4 b2 38. Be8 Bxe8 0-1


[Site "https://www.chess.com"]

[Event "Titled Tuesday Blitz February 22 Late 2022"]
[White "Devaev, Alexander"]
[Black "Urazayev, Arystanbek"]
[WhiteFideId "4169395"]
[BlackFideId "13709810"]
[WhiteElo "2185"]
[BlackElo "2321"]
[Result "0-1"]
[Round "03"]
[TimeControl "180+1"]
[Date "2022.02.23"]
[WhiteClock "0:00:11"]
[BlackClock "0:01:57"]

1. Nf3 d6 2. d4 g6 3. c4 Nf6 4. Nc3 Bg7 5. e4 O-O 6. h3 e5 7. d5 Na6 8. Bg5 Nc5 9. Nd2 a5 10. Be2 c6 11. b3 Qb6 12. a3 Bd7 13. Rb1 Na6 14. O-O h6 15. Be3 Qc7 16. Qc2 Nh7 17. Rfc1 f5 18. f3 f4 19. Bf2 g5 20. b4 axb4 21. axb4 c5 22. bxc5 Nxc5 23. Nb3 b6 24. Nxc5 bxc5 25. Rb3 h5 26. Rcb1 Nf6 27. Rb7 Qd8 28. Qd1 Qc8 29. R7b6 g4 30. hxg4 hxg4 31. Rxd6 g3 32. Be1 Qe8 33. Kf1 Qh5 0-1


[Site "https://www.chess.com"]

[Event "Titled Tuesday Blitz February 22 Late 2022"]
[White "Dubov, Daniil"]
[Black "Boros, Denes"]
[WhiteFideId "24126055"]
[BlackFideId "722340"]
[WhiteElo "2791"]
[BlackElo "2464"]
[Result "1-0"]
[Round "03"]
[TimeControl "180+1"]
[Date "2022.02.22"]
[WhiteClock "0:00:06"]
[BlackClock "0:00:14"]

1. d4 Nf6 2. Nf3 c6 3. c4 d5 4. cxd5 cxd5 5. Nc3 Nc6 6. Bf4 Ne4 7. e3 Nxc3 8. bxc3 e6 9. Bd3 Bd6 10. O-O h6 11. Bxd6 Qxd6 12. Qe2 O-O 13. e4 Bd7 14. e5 Qe7 15. h4 Rac8 16. Rac1 a6 17. Bb1 f5 18. exf6 gxf6 19. c4 Qd6 20. Rfe1 Rf7 21. Qd2 Kg7 22. Re3 Qf4 23. cxd5 exd5 24. Rce1 Bg4 25. Nh2 h5 26. Nxg4 hxg4 27. g3 Qxd4 28. Rd3 Qb4 29. Rxd5 Qxd2 30. Rxd2 Ne5 31. Be4 Re7 32. Red1 Nf3+ 33. Bxf3 gxf3 34. Rd7 Kf7 35. Rxe7+ Kxe7 36. Rd3 Rc2 37. a3 b5 38. Rxf3 a5 39. Rf5 Rb2 40. a4 bxa4 41. Rxa5 Ra2 42. Kg2 Kf7 43. h5 Ra1 44. Ra7+ Kg8 45. g4 a3 46. Kf3 Ra2 47. Kg3 Kf8 48. f3 Kg8 49. Kf4 Ra1 50. Kf5 a2 51. Kg6 Kf8 52. Kxf6 Ke8 53. h6 Rh1 54. Ra8+ Kd7 55. Rxa2 Rxh6+ 56. Kg5 Rh3 57. Rd2+ Ke6 58. Kf4 Kf6 59. Rd6+ Kg7 60. Rb6 Rh2 61. Kg5 Rd2 62. Rb7+ Kg8 63. f4 Rd6 64. f5 Kh8 65. f6 Rd8 66. Kg6 Rg8+ 67. Kf5 Rd8 68. g5 Rd5+ 69. Kg6 Rd8 70. Rh7+ 1-0


[Site "https://www.chess.com"]

[Event "Titled Tuesday Blitz February 22 Late 2022"]
[White "Estrada Nieto, Julian"]
[Black "Goryachkina, Aleksandra"]
[WhiteFideId "5101018"]
[BlackFideId "4147103"]
[WhiteElo "2246"]
[BlackElo "2426"]
[Result "0-1"]
[Round "03"]
[TimeControl "180+1"]
[Date "2022.02.23"]
[WhiteClock "0:00:02"]
[BlackClock "0:00:06"]

1. e4 c5 2. Nf3 e6 3. c3 d5 4. exd5 exd5 5. d4 Nc6 6. Bb5 Bd6 7. dxc5 Bxc5 8. O-O Ne7 9. Nbd2 O-O 10. Nb3 Bb6 11. Re1 Bg4 12. Be3 a6 13. Bd3 h6 14. Bxb6 Qxb6 15. Be2 Rad8 16. Nfd4 Bxe2 17. Rxe2 Ng6 18. Nxc6 bxc6 19. Qd4 Qb8 20. g3 Rfe8 21. Rae1 Rxe2 22. Rxe2 Re8 23. Rxe8+ Qxe8 24. Kf1 Qe6 25. Nc5 Qh3+ 26. Kg1 f6 27. f4 h5 28. Qd3 Ne7 29. Qe2 Kf7 30. Nxa6 h4 31. Qh5+ Kf8 32. Qh8+ Kf7 33. Qxh4 Qe6 34. Qh5+ Kf8 35. Qd1 Qe3+ 36. Kg2 Nf5 37. Nc7 Qe4+ 38. Qf3 Qc2+ 39. Kh3 Qxb2 40. Qg4 Qc2 41. Ne6+ Kf7 42. Nd4 Nxd4 43. cxd4 Qd2 44. Qh5+ Ke7 45. Qg6 Kf8 46. Qf5 Qxd4 47. Qc8+ Kf7 48. Qxc6 Qe4 49. Qd7+ Kf8 50. Qd8+ Kf7 51. Qd7+ Kf8 52. Qc8+ Kf7 53. Qc7+ Kg6 54. Qc8 d4 55. Qg4+ Kf7 56. Qd7+ Kg8 57. Qd8+ Kh7 58. Qd7 d3 59. Kg4 Qe2+ 60. Kf5 d2 61. g4 d1=Q 62. Qxd1 Qxd1 63. g5 Qc2+ 64. Kg4 Qxa2 65. Kh5 g6+ 66. Kg4 Qg2+ 67. Kh4 Qxh2+ 68. Kg4 f5+ 69. Kf3 Qh3+ 70. Ke2 Qg4+ 71. Ke3 Qg3+ 0-1


[Site "https://www.chess.com"]

[Event "Titled Tuesday Blitz February 22 Late 2022"]
[White "Fedoseev, Vladimir"]
[Black "Bluebaum, Matthias"]
[WhiteFideId "24130737"]
[BlackFideId "24651516"]
[WhiteElo "2726"]
[BlackElo "2550"]
[Result "1-0"]
[Round "03"]
[TimeControl "180+1"]
[Date "2022.02.22"]
[WhiteClock "0:00:16"]
[BlackClock "0:00:07"]

1. e4 c6 2. d4 d5 3. e5 c5 4. dxc5 e6 5. c3 Nc6 6. f4 Bxc5 7. Bd3 Nge7 8. Nf3 a6 9. Qe2 h6 10. Be3 d4 11. cxd4 Nxd4 12. Nxd4 Bxd4 13. Nc3 Qb6 14. Bxd4 Qxd4 15. Rf1 Nd5 16. Nxd5 Qxd5 17. Qe4 Qxe4+ 18. Bxe4 Bd7 19. Rc1 Ke7 20. Kd2 Rac8 21. Bxb7 Rb8 22. Rc7 Rhd8 23. Ke3 Kf8 24. Rd1 Bb5 25. Rxd8+ Rxd8 26. Rc8 Ke7 27. Rxd8 Kxd8 28. Be4 Kc7 29. Bd3 Bc6 30. Bxa6 Bxg2 31. b4 Kb6 32. Bc4 Bc6 33. Kd4 Be8 34. Bb3 g5 35. fxg5 hxg5 36. Bd1 Bc6 37. a4 Bd5 38. Be2 Bb3 39. a5+ Kc6 40. b5+ Kc7 41. Kc5 Bd1 42. Bxd1 1-0


[Site "https://www.chess.com"]

[Event "Titled Tuesday Blitz February 22 Late 2022"]
[White "Fikh, Anthony"]
[Black "Bon, Michael"]
[WhiteFideId "3224562"]
[BlackFideId "620696"]
[WhiteElo "1931"]
[BlackElo "2382"]
[Result "0-1"]
[Round "03"]
[TimeControl "180+1"]
[Date "2022.02.23"]
[WhiteClock "0:00:15"]
[BlackClock "0:00:04"]

1. Nf3 Nc6 2. d4 d5 3. e3 Bg4 4. Bb5 e6 5. Nbd2 Ne7 6. O-O a6 7. Be2 g6 8. c4 Bg7 9. h3 Bxf3 10. Nxf3 O-O 11. a3 e5 12. dxe5 Nxe5 13. Nxe5 Bxe5 14. Qc2 c6 15. Rd1 Qb6 16. c5 Qc7 17. Bd2 Rfe8 18. Bc3 Nf5 19. Rac1 Rad8 20. Bd3 Nh4 21. Bd4 Bxd4 22. exd4 Qf4 23. Bf1 Re4 24. Qd2 Qf6 25. Rc3 Rde8 26. Rb3 R8e7 27. Re3 Nf5 28. Rxe4 Rxe4 29. Qb4 Re7 30. Qc3 h5 31. a4 Re4 32. Qb4 Qe7 33. a5 g5 34. Rd3 Re1 35. Qd2 f6 36. Kh1 Qe4 37. Kg1 Kg7 38. f3 Qe6 39. Kf2 Ra1 40. g4 hxg4 41. hxg4 Nh4 42. Re3 Qd7 43. Qe2 Kf7 44. f4 Qc7 45. fxg5 Qh2+ 46. Bg2 Qxg2# 0-1


[Site "https://www.chess.com"]

[Event "Titled Tuesday Blitz February 22 Late 2022"]
[White "Gaisinsky, Adam"]
[Black "Gimenez Aguirre, Alejo Ismael"]
[WhiteFideId "2620561"]
[BlackFideId "32041667"]
[WhiteElo "1965"]
[BlackElo "2031"]
[Result "0-1"]
[Round "03"]
[TimeControl "180+1"]
[Date "2022.02.23"]
[WhiteClock "0:00:01"]
[BlackClock "0:00:48"]

1. d4 Nf6 2. Nf3 e6 3. Bf4 d5 4. e3 Bd6 5. Ne5 O-O 6. Nd2 Nbd7 7. Bd3 Qe7 8. h4 c5 9. c3 cxd4 10. exd4 Ne8 11. Qb1 f5 12. h5 Nxe5 13. dxe5 Bc7 14. Nf3 a6 15. a4 Rb8 16. Nd4 Bb6 17. Nf3 Bd7 18. O-O Qf7 19. h6 Qh5 20. hxg7 Nxg7 21. Be2 Qg6 22. Nh4 Qf7 23. Qd1 Kh8 24. Nf3 Rg8 25. g3 Qe8 26. Ng5 h6 27. Nf3 Nh5 28. Bxh6 Nxg3 29. Bg5 Qh5 30. Kg2 Nxe2 31. Rh1 Nf4+ 32. Kg1 Nh3+ 33. Kg2 Qg4+ 34. Kf1 Rg6 35. Bf6+ Kg8 36. Ke2 d4 37. cxd4 Bc6 38. Qd3 Be4 39. Qe3 Nf4+ 40. Kd2 Ba5+ 41. Kd1 Bxf3+ 0-1


[Site "https://www.chess.com"]

[Event "Titled Tuesday Blitz February 22 Late 2022"]
[White "Garriga Cazorla, Pere"]
[Black "Piesik, Piotr"]
[WhiteFideId "32011601"]
[BlackFideId "1136194"]
[WhiteElo "2458"]
[BlackElo "2232"]
[Result "0-1"]
[Round "03"]
[TimeControl "180+1"]
[Date "2022.02.23"]
[WhiteClock "0:00:09"]
[BlackClock "0:00:58"]

1. d4 c5 2. d5 e5 3. e4 d6 4. Nc3 Be7 5. f4 exf4 6. Bxf4 Bg5 7. Bb5+ Kf8 8. Bg3 Bh4 9. Nf3 Bxg3+ 10. hxg3 a6 11. Be2 Nd7 12. O-O Ngf6 13. e5 Nxe5 14. Nxe5 dxe5 15. d6 Be6 16. Qd2 Qb6 17. Rad1 Rd8 18. Kh2 h5 19. Qg5 Rh6 20. a4 Rxd6 21. a5 Qd8 22. Qe3 Rxd1 23. Rxd1 Qxa5 24. Qxe5 Kg8 25. Qb8+ Kh7 26. Rd8 Ng4+ 27. Kg1 Qa1+ 28. Nd1 c4 29. Rh8+ Kg6 30. Rg8 Qa5 31. Bxg4 hxg4 32. Nc3 Qb6+ 33. Kf1 Rh1+ 34. Ke2 Qxb2 35. Rxg7+ Kxg7 36. Qe5+ Kh7 37. Qe4+ Kg8 38. Kd2 Qc1+ 39. Ke2 Re1+ 0-1


[Site "https://www.chess.com"]

[Event "Titled Tuesday Blitz February 22 Late 2022"]
[White "Gerbelli Neto, Eduardo"]
[Black "Zapata Arbelaez, Estiven"]
[WhiteFideId "2103281"]
[BlackFideId "4406311"]
[WhiteElo "2178"]
[BlackElo "2067"]
[Result "0-1"]
[Round "03"]
[TimeControl "180+1"]
[Date "2022.02.23"]
[WhiteClock "0:00:04"]
[BlackClock "0:00:08"]

1. e4 e5 2. Nc3 Nc6 3. Bc4 Bc5 4. Qg4 Kf8 5. Qf3 Nf6 6. Nge2 d6 7. h3 Be6 8. Bxe6 fxe6 9. d3 Kf7 10. Bg5 Rf8 11. O-O-O Kg8 12. g4 Qe8 13. Qg3 Nd7 14. Be3 Qf7 15. Rdf1 Qf3 16. Kd2 Bxe3+ 17. fxe3 Qxg3 18. Nxg3 Rxf1 19. Rxf1 Rf8 20. Rxf8+ Kxf8 21. a3 g6 22. Nb5 Ke7 23. b4 Kd8 24. c4 a6 25. Nc3 b6 26. Nce2 Ke7 27. d4 exd4 28. exd4 e5 29. d5 Nd8 30. a4 Nf7 31. Kd3 a5 32. bxa5 bxa5 33. Nc3 Nc5+ 34. Ke3 Ng5 35. h4 Nh3 36. Nge2 h6 37. Kf3 g5 38. h5 Nf4 39. Ke3 Nxe2 40. Kxe2 Nb3 41. Nb5 Kd7 42. Kd3 Nc5+ 43. Ke3 Nxa4 44. Kf3 Nb6 45. Nc3 Nxc4 46. Ke2 Nb6 47. Kd3 c6 48. dxc6+ Kxc6 49. Ne2 Kc5 50. Ng3 d5 51. Nf5 a4 52. exd5 a3 53. Nxh6 a2 54. Nf5 a1=Q 55. h6 Qb1+ 56. Ke3 Qc1+ 57. Ke4 Qf4+ 58. Kd3 Qxg4 59. Ne3 Qh5 60. Nf5 Qh3+ 61. Ke4 Qg4+ 62. Kxe5 Qf4+ 63. Kf6 Nxd5+ 64. Kg6 g4 65. h7 Qb8 66. Kg7 Qc7+ 67. Kg8 Qd8+ 68. Kg7 Qd7+ 69. Kg6 Qe6+ 70. Kg5 Qc8 71. Kxg4 Ne7 72. Kg5 Qxf5+ 73. Kh4 Qxh7+ 0-1


[Site "https://www.chess.com"]

[Event "Titled Tuesday Blitz February 22 Late 2022"]
[White "Gledura, Benjamin"]
[Black "Kamsky, Gata"]
[WhiteFideId "712779"]
[BlackFideId "2000024"]
[WhiteElo "2326"]
[BlackElo "2645"]
[Result "0-1"]
[Round "03"]
[TimeControl "180+1"]
[Date "2022.02.22"]
[WhiteClock "0:00:02"]
[BlackClock "0:00:15"]

1. Nf3 Nf6 2. b3 g6 3. Bb2 Bg7 4. g3 d5 5. Bg2 O-O 6. c4 c6 7. O-O a5 8. d3 a4 9. b4 dxc4 10. dxc4 Qxd1 11. Rxd1 a3 12. Nxa3 Ne4 13. Bxg7 Kxg7 14. Rd3 Ra4 15. Nc2 Nd6 16. Nd2 Bf5 17. e4 Be6 18. c5 Nb5 19. a3 Nd7 20. f4 Rfa8 21. h3 h5 22. Bf1 Nf6 23. Re3 Rd8 24. Nf3 Raa8 25. Ng5 Rd2 26. Nxe6+ fxe6 27. Ne1 Rad8 28. a4 Nd4 29. Rb1 h4 30. g4 g5 31. fxg5 Nh7 32. Rd3 Rxd3 33. Bxd3 Nxg5 34. Bf1 e5 35. b5 Nxe4 36. bxc6 bxc6 37. a5 Nxc5 38. Rc1 Nce6 39. a6 Ra8 40. Nc2 Nxc2 41. Rxc2 Nd4 42. Rc5 Kf6 43. Bd3 Rb8 44. a7 Ra8 45. Ra5 Nb5 46. Bxb5 cxb5 47. Kf2 b4 48. Ke3 b3 49. Ra6+ Kg5 50. Rb6 Rxa7 51. Rxb3 Ra4 52. Kf3 Rc4 53. Rb5 Kf6 54. Rb6+ e6 55. Rb3 Rc2 56. Ke4 Re2+ 57. Re3 Rd2 58. Rf3+ Ke7 59. Kxe5 Rg2 60. Kf4 Kf6 61. Ke4+ Kg6 62. Ke5 Re2+ 63. Kd6 e5 64. Kd5 e4 65. Ra3 Kg5 66. Kd4 Kf4 67. g5 Rd2+ 68. Kc3 Rg2 69. Ra7 Rxg5 70. Rf7+ Kg3 71. Kd4 Kxh3 72. Kxe4 Kg2 73. Ke3 h3 74. Rf2+ Kg1 75. Ra2 h2 76. Ra1+ Kg2 77. Ra2+ Kh3 78. Ra1 Rg1 0-1


[Site "https://www.chess.com"]

[Event "Titled Tuesday Blitz February 22 Late 2022"]
[White "Goltseva, Ekaterina"]
[Black "Ansh M Shah"]
[WhiteFideId "24173770"]
[BlackFideId "25033379"]
[WhiteElo "2140"]
[BlackElo "1819"]
[Result "1-0"]
[Round "03"]
[TimeControl "180+1"]
[Date "2022.02.23"]
[WhiteClock "0:02:07"]
[BlackClock "0:01:10"]

1. d4 Nf6 2. c4 e6 3. Nc3 c5 4. d5 exd5 5. cxd5 d6 6. e4 g6 7. Nge2 Bg7 8. Ng3 h5 9. Bg5 Nbd7 10. Be2 a6 11. a4 Ne5 12. O-O h4 13. Nh1 Bg4 14. f3 Bc8 15. h3 Qc7 16. f4 Ned7 17. Nf2 Bh6 18. Bxh6 Rxh6 19. Qd2 Nh5 20. e5 dxe5 21. fxe5 Rh8 22. d6 Qd8 23. Nd5 Kf8 24. Ng4 Kg7 25. Bc4 b5 26. axb5 axb5 27. Rxa8 bxc4 28. Ne7 Nb6 29. Rb8 Ng3 30. Re1 Re8 31. Qg5 Nh5 32. Qh6# 1-0


[Site "https://www.chess.com"]

[Event "Titled Tuesday Blitz February 22 Late 2022"]
[White "Golubenko, Valentina"]
[Black "Lenderman, Aleksandr"]
[WhiteFideId "4501993"]
[BlackFideId "2021285"]
[WhiteElo "2164"]
[BlackElo "2651"]
[Result "0-1"]
[Round "03"]
[TimeControl "180+1"]
[Date "2022.02.23"]
[WhiteClock "0:00:07"]
[BlackClock "0:00:20"]

1. d4 d5 2. g3 Bf5 3. Bg2 e6 4. c4 c6 5. Nf3 Nf6 6. O-O Nbd7 7. b3 h6 8. Nc3 Bb4 9. Bb2 O-O 10. Nd2 Bh7 11. a3 Be7 12. e4 dxe4 13. Ndxe4 Nxe4 14. Nxe4 Nf6 15. Nc3 Qb6 16. b4 Rfd8 17. Na4 Qc7 18. Qe2 a5 19. Nc5 axb4 20. axb4 Nd7 21. Nxd7 Qxd7 22. b5 cxb5 23. cxb5 Bf6 24. Rxa8 Rxa8 25. Qc4 Rc8 26. Qb3 Bc2 27. Qb4 Bd3 0-1


[Site "https://www.chess.com"]

[Event "Titled Tuesday Blitz February 22 Late 2022"]
[White "Golubka, Petro"]
[Black "Ozates, Tuna"]
[WhiteFideId "14114224"]
[BlackFideId "6354521"]
[WhiteElo "2392"]
[BlackElo "1872"]
[Result "0-1"]
[Round "03"]
[TimeControl "180+1"]
[Date "2022.02.23"]
[WhiteClock "0:00:54"]
[BlackClock "0:00:09"]

1. e4 d6 2. d4 Nf6 3. Nc3 e5 4. Nf3 Nbd7 5. h3 Be7 6. g4 O-O 7. g5 Ne8 8. h4 c6 9. Be3 Nc7 10. a4 a5 11. Qd2 Na6 12. Bxa6 Rxa6 13. h5 exd4 14. Bxd4 Ne5 15. Bxe5 dxe5 16. Qxd8 Rxd8 17. g6 Bf6 18. gxf7+ Kxf7 19. Nd2 Be6 20. b3 Ra7 21. Ke2 b6 22. Rag1 Rad7 23. Nf3 c5 24. Ke3 c4 25. bxc4 Bxc4 26. Ng5+ Kg8 27. h6 g6 28. Nd5 Bxd5 29. exd5 Bxg5+ 30. Rxg5 Rxd5 31. Rb1 R8d6 32. Rb3 Kf7 33. Rg4 Rc5 34. c4 Ke6 35. Re4 Kf5 36. f4 exf4+ 37. Rxf4+ Kg5 38. Rf7 Kxh6 39. Ke2 Re5+ 40. Kf2 Rf5+ 41. Rxf5 gxf5 42. Rb5 Kg5 43. c5 bxc5 44. Rxc5 Kf4 45. Rxa5 Rd2+ 46. Ke1 Ra2 47. Ra7 h5 48. a5 h4 49. Rh7 Kg4 50. Rg7+ Kf3 51. Rh7 f4 52. Rxh4 Ra1+ 53. Kd2 Rxa5 54. Rh8 Kf2 55. Kd3 Re5 56. Ra8 f3 57. Ra1 Kg2 58. Kd4 Re8 59. Ra7 f2 60. Rg7+ Kf3 61. Rf7+ Ke2 62. Re7+ Rxe7 0-1


[Site "https://www.chess.com"]

[Event "Titled Tuesday Blitz February 22 Late 2022"]
[White "Guliyev, Namig"]
[Black "Kollars, Dmitrij"]
[WhiteFideId "13400363"]
[BlackFideId "12909572"]
[WhiteElo "2487"]
[BlackElo "2584"]
[Result "0-1"]
[Round "03"]
[TimeControl "180+1"]
[Date "2022.02.22"]
[WhiteClock "0:00:25"]
[BlackClock "0:01:50"]

1. e4 c5 2. Nf3 d6 3. Bb5+ Bd7 4. Bxd7+ Qxd7 5. O-O Nf6 6. Qe2 Nc6 7. c3 e6 8. d4 cxd4 9. cxd4 d5 10. e5 Ne4 11. Nbd2 Nxd2 12. Bxd2 Bb4 13. Rac1 Bxd2 14. Qxd2 O-O 15. b4 Rfc8 16. h4 Ne7 17. h5 h6 18. Rxc8+ Rxc8 19. Rc1 Rc4 20. a3 Qc6 21. Re1 Qa4 22. g4 Qxa3 23. Kg2 Qxb4 24. Qf4 Nc6 25. g5 Nxd4 26. g6 fxg6 27. hxg6 Nf5 0-1


[Site "https://www.chess.com"]

[Event "Titled Tuesday Blitz February 22 Late 2022"]
[White "Guz, Ari"]
[Black "Jimenez Almeida, Luis David"]
[WhiteFideId "2825759"]
[BlackFideId "22242244"]
[WhiteElo "1913"]
[BlackElo "2092"]
[Result "0-1"]
[Round "03"]
[TimeControl "180+1"]
[Date "2022.02.23"]
[WhiteClock "0:00:56"]
[BlackClock "0:00:34"]

1. b3 Nf6 2. Bb2 d5 3. g3 Bg4 4. Bg2 e6 5. Nf3 c6 6. O-O Be7 7. Ne5 Bh5 8. d3 a5 9. a3 Nbd7 10. Nxd7 Qxd7 11. Nd2 O-O 12. Qe1 Rfd8 13. e4 a4 14. b4 dxe4 15. Nxe4 Nxe4 16. Bxe4 Bg6 17. Bg2 Rac8 18. Rb1 c5 19. bxc5 Bxc5 20. Qe5 Bf8 21. Qe2 b5 22. Rfc1 h6 23. Qf3 Bc5 24. Qb7 Qxb7 25. Bxb7 Rb8 26. Bc6 Rb6 27. Bf3 Be7 28. h4 Rc8 29. Kf1 b4 30. axb4 Rxb4 31. Ke1 a3 32. Be5 Rxb1 33. Rxb1 Rxc2 34. Rb8+ Kh7 35. Rb7 Bf6 36. Bxf6 gxf6 37. Ra7 a2 38. Bd1 Rb2 39. d4 Kg7 40. Ra8 Be4 41. Ra3 Bd5 0-1


[Site "https://www.chess.com"]

[Event "Titled Tuesday Blitz February 22 Late 2022"]
[White "Hakobyan, Aram"]
[Black "Avila Pavas, Santiago"]
[WhiteFideId "13306677"]
[BlackFideId "4437128"]
[WhiteElo "2557"]
[BlackElo "2242"]
[Result "0-1"]
[Round "03"]
[TimeControl "180+1"]
[Date "2022.02.22"]
[WhiteClock "0:00:02"]
[BlackClock "0:00:14"]

1. e4 Nf6 2. e5 Nd5 3. d4 d6 4. Nf3 g6 5. c4 Nb6 6. exd6 cxd6 7. h3 Bg7 8. Nc3 O-O 9. Be2 Bf5 10. O-O Nc6 11. Be3 d5 12. c5 Nc4 13. Bc1 b6 14. b3 bxc5 15. bxc4 cxd4 16. Nxd5 d3 17. Bg5 dxe2 18. Qxe2 h6 19. Nxe7+ Nxe7 20. Rad1 Qc8 21. Bxe7 Re8 22. Rfe1 Bf8 23. Bxf8 Rxe2 24. Rxe2 Kxf8 25. Nd4 Qxc4 26. Red2 Be4 27. f3 Bd5 28. Rc2 Qa4 29. Rcd2 Re8 30. Ne2 Bc4 31. Ng3 Be6 32. Kh2 Qb5 33. Rd4 Qb8 34. R1d2 h5 35. h4 Kg7 36. Rd6 Rc8 37. R6d4 Rc1 38. f4 Rc3 39. Rf2 Bg4 40. Rfd2 Qc7 41. Nf1 Rc4 42. Kg3 Rxd4 43. Rd3 Rxd3+ 0-1


[Site "https://www.chess.com"]

[Event "Titled Tuesday Blitz February 22 Late 2022"]
[White "Hambleton, Aman"]
[Black "Koutlas, Nikolaos"]
[WhiteFideId "2606577"]
[BlackFideId "25827138"]
[WhiteElo "2552"]
[BlackElo "1610"]
[Result "1-0"]
[Round "03"]
[TimeControl "180+1"]
[Date "2022.02.23"]
[WhiteClock "0:00:02"]
[BlackClock "0:00:04"]

1. d4 Nf6 2. Bf4 d5 3. e3 c5 4. c3 Nc6 5. Nd2 Bf5 6. Qb3 Qd7 7. Ngf3 c4 8. Qd1 e6 9. Nh4 b5 10. Nxf5 exf5 11. Be2 Bd6 12. O-O O-O 13. b3 Bxf4 14. exf4 Rab8 15. a4 b4 16. cxb4 c3 17. Nb1 Rxb4 18. Nxc3 Nxd4 19. Rb1 Ne4 20. Na2 Rfb8 21. Nxb4 Nc3 22. Bb5 Rxb5 23. axb5 Nxd1 24. Rbxd1 Ne2+ 25. Kh1 Nc3 26. Rd2 Qxb5 27. Re1 f6 28. Nc2 Ne4 29. Rde2 d4 30. Nxd4 Qd3 31. Nf3 Qxb3 32. Kg1 Qd5 33. Re3 Qd4 34. Nxd4 1-0


[Site "https://www.chess.com"]

[Event "Titled Tuesday Blitz February 22 Late 2022"]
[White "Hamley, Ryan"]
[Black "Curtis, John"]
[WhiteFideId "30959497"]
[BlackFideId "3200256"]
[WhiteElo "2460"]
[BlackElo "2203"]
[Result "0-1"]
[Round "03"]
[TimeControl "180+1"]
[Date "2022.02.23"]
[WhiteClock "0:00:04"]
[BlackClock "0:00:09"]

1. Nf3 d5 2. b3 c6 3. Bb2 Bf5 4. e3 Nd7 5. d4 Ngf6 6. Nbd2 e6 7. Be2 h6 8. c4 Ne4 9. O-O Be7 10. Re1 Bb4 11. a3 Nc3 12. Qc1 Nxe2+ 13. Rxe2 Be7 14. e4 dxe4 15. Nxe4 O-O 16. Qf4 Bh7 17. Rd1 Qa5 18. h4 Nf6 19. Nxf6+ Bxf6 20. Ne5 Qd8 21. g3 Re8 22. Rde1 Qc7 23. Qf3 Rad8 24. Ng4 Be7 25. h5 Bf5 26. Ne3 Bd3 27. Rd2 Bh7 28. d5 Bg5 29. Red1 Bxe3 30. fxe3 exd5 31. cxd5 Rxd5 32. Rxd5 cxd5 33. Qg4 f6 34. Rxd5 Rxe3 35. Bxf6 Rxg3+ 36. Kf2 Rxg4 37. Be5 Qf7+ 0-1


[Site "https://www.chess.com"]

[Event "Titled Tuesday Blitz February 22 Late 2022"]
[White "Hoffmann, Asa"]
[Black "Vargas Pereda, Jesus Manue"]
[WhiteFideId "2001470"]
[BlackFideId "5115710"]
[WhiteElo "2117"]
[BlackElo "1747"]
[Result "1-0"]
[Round "03"]
[TimeControl "180+1"]
[Date "2022.02.23"]
[WhiteClock "0:00:58"]
[BlackClock "0:00:10"]

1. d4 Nf6 2. Bg5 Ne4 3. Bf4 c5 4. f3 Qa5+ 5. c3 Nf6 6. d5 d6 7. e4 g6 8. Qd2 Bg7 9. Na3 O-O 10. Bh6 a6 11. h4 b5 12. h5 Nbd7 13. hxg6 fxg6 14. Bxg7 Kxg7 15. Qh6+ Kg8 16. Nh3 Ne5 17. Ng5 Nf7 18. Nxf7 Rxf7 19. Be2 Bd7 20. O-O Raf8 21. Qe3 e6 22. dxe6 Bxe6 23. Rad1 d5 24. Qxc5 dxe4 25. f4 Bxa2 26. f5 Qc7 27. Qxc7 Rxc7 28. fxg6 hxg6 29. Ra1 Bd5 30. Nc2 Bc4 31. Bxc4+ bxc4 32. Rxa6 Kg7 33. Ne3 Rb7 34. Nxc4 Ng4 35. Rxf8 Kxf8 36. Rxg6 Rg7 37. Rxg7 Kxg7 38. Kf1 Kf6 39. Ke2 Ke6 40. b4 Kd7 41. Nd2 Nf6 42. Ke3 Kc6 43. Nxe4 Nd5+ 44. Kd4 Nf4 45. g4 Ng6 46. g5 Kb7 47. c4 Kc6 48. b5+ Kb7 49. Kd5 Kc7 50. c5 Nf4+ 51. Ke5 Nd3+ 52. Kd4 Nf4 53. b6+ Kc6 54. Nf6 Ne6+ 55. Kc4 Nxg5 56. Ng8 Ne6 57. Ne7+ Kb7 58. Kd5 Nxc5 59. Kxc5 Kb8 60. Kc6 Ka8 61. Nd5 Kb8 62. b7 Ka7 63. Kc7 1-0


[Site "https://www.chess.com"]